 Dungeon Crawl Stone Soup version 0.30.1-9-gdf580d7c3d (webtiles) character file.

Game seed: 1722687918256242439

181 lonewolfV2 the Shield-Bearer (level 5, -9/42 HPs)
             Began as a Formicid Fighter on Oct 3, 2023.
             Killed by divine providence
             ... invoked by an orc priest
              (13 damage)
             ... on level 3 of the Dungeon.
             The game lasted 00:02:49 (2233 turns).

lonewolfV2 the Shield-Bearer (Formicid Fighter)     Turns: 2233, Time: 00:02:49

Health: -9/42      AC:  9    Str: 22    XL:     5   Next: 92%
Magic:  5/5        EV:  9    Int:  8    God:
Gold:   77         SH:  5    Dex: 13    Spells: 4/4 levels left

rFire   + + .        a - +1 war axe
rCold   + . .        c - +0 buckler
rNeg    . . .        g - +2 scale mail {rF+}
rPois   .            (helmet unavailable)
rElec   .            (no cloak)
rCorr   .            (no gloves)
SInv    +            (no boots)
Will    .....        (no amulet) Stlth
                     h - ring of protection from cold
HPRegen 0.27/turn    f - ring of protection from fire
MPRegen 0.09/turn

%: no passive effects
@: no status effects
A: permanent stasis, dig shafts and tunnels, antennae 3, four strong arms
a: Dig, Shaft Self


You were on level 3 of the Dungeon.
You visited 1 branch of the dungeon, and saw 3 of its levels.

You collected 77 gold pieces.

Inventory:

Hand Weapons
 a - a +1 war axe (weapon)
Missiles
 m - a throwing net
Armour
 b - a +0 scale mail
 c - a +0 buckler (worn)
 g - a +2 scale mail of fire resistance (worn)
Jewellery
 f - a ring of protection from fire (right hand)
 h - a ring of protection from cold (left hand)
Wands
 n - a wand of paralysis (6)
 r - a wand of polymorph (7)
Scrolls
 i - 2 scrolls of enchant weapon
 k - 2 scrolls of vulnerability
 p - 2 scrolls of identify {unknown}
Potions
 d - 2 potions of might
 e - a potion of curing {unknown}
 j - 2 potions of lignification {unknown}
 l - 2 potions of cancellation {unknown}
 o - a potion of haste {unknown}
 q - a potion of invisibility {unknown}


   Skills:
 + Level 4.2 Fighting
 + Level 4.1 Axes
 + Level 4.0 Armour
 + Level 0.9 Dodging
 + Level 0.6 Stealth
 + Level 4.5 Shields


You had 4 spell levels left.
You didn't know any spells.
Your spell library was empty.

Dungeon Overview and Level Annotations

Branches:
Dungeon (3/15)

Altars:


Innate Abilities, Weirdness & Mutations

You cannot be hasted, slowed, berserked, paralysed or teleported.
You can dig through walls and to a lower floor.
You have a pair of large antennae on your head. (SInv)
Your four strong arms can wield two-handed weapons with a shield.


Message History

A rat comes into view.
The rat moves out of view.
A rat is nearby!
A rat is nearby!
A rat is nearby!
A rat is nearby!
You slash the rat!
You kill the rat!
q - a blue potion
Found a leather armour.
r - a wand of polymorph (7)
Found a stone staircase leading up.
There is a stone staircase leading up here.
p - 2 scrolls labelled LUNGUL JADDYL (gained 1)
An orc comes into view. It is wielding a +0 trident.
The orc shouts!
You hear a shout! x2
An orc priest comes into view. It is wielding a +0 hand axe.
There are monsters nearby!
An orc priest comes into view. It is wielding a +0 club.
Found a stone staircase leading down.
The orc priest shouts!
An orc comes into view. It is wielding a +0 whip.
An orc wizard comes into view. It is wielding a +0 dagger.
The orc wizard shouts!
The orc priest calls down the wrath of Beogh upon you.
Beogh smites you!
Found a stone staircase leading down.
The orc priest invokes the aid of Beogh against you.
Beogh smites you! The orc barely misses you.
Found a metallic grey potion.
The orc closely misses you.
The orc priest looks encouraged for a moment.
The orc priest looks braver for a moment.
The orc hits you but does no damage.
The orc hits you from afar with a +0 trident.
The orc priest mumbles some strange prayers to Beogh against you.
Beogh smites you!
* * * LOW HITPOINT WARNING * * *
The orc priest invokes the aid of Beogh against you.
Beogh smites you!
You die...

*.....>......,,,,,,,,,,,,.
*...........,,,,....,,,,*,
*.....>....#####....,,..##
*....o...!.#.......#**#...
*.....o....#.......# *#..
*.....ooo..#.......##* #..
*******#.###.........*##.#
#..##.......#.)#...
##@.........##.#...
####.......##.....
#.......##..#..
#.............. #####
#.......#...... #...#
###..##.....#.. #...#
#....###.......
#.<.#####..............
#............###.####..


You could see 2 orc priests, an orc wizard and an orc.

Vanquished Creatures
  Crazy Yiuf (D:2)
  Natasha (D:2)
  Terence (D:2)
  3 gnolls (D:2)
  An adder (D:2)
  A worm (D:2)
  A dart slug (D:3)
  5 ball pythons (D:2)
  5 bats
  4 endoplasms (D:2)
  3 giant cockroaches
  7 hobgoblins
  4 jackals (D:1)
  5 kobolds
  3 frilled lizards
  5 goblins
  5 rats
55 creatures vanquished.

Vanquished Creatures (collateral kills)
  A hobgoblin (D:3)
1 creature vanquished.

Grand Total: 56 creatures vanquished

Notes
Turn   | Place    | Note
-------+----------+-------------------------------------------
     0 | D:1      | lonewolfV2 the Formicid Fighter began the quest for the
                  | Orb.
     0 | D:1      | Reached XP level 1. HP: 18/18 MP: 1/1
   125 | D:1      | Reached XP level 2. HP: 24/24 MP: 2/2
   359 | D:1      | Reached XP level 3. HP: 24/30 MP: 3/3
   830 | D:2      | Found a runed translucent door.
   831 | D:2      | Noticed Crazy Yiuf
  1092 | D:2      | Reached XP level 4. HP: 37/37 MP: 4/4
  1120 | D:2      | Noticed Terence
  1126 | D:2      | Killed Terence
  1325 | D:2      | Reached XP level 5. HP: 25/42 MP: 5/5
  1578 | D:2      | Noticed Natasha
  1586 | D:2      | Killed Natasha
  1859 | D:2      | Killed Crazy Yiuf
  2233 | D:3      | Killed from afar by an orc priest

Illustrated notes

Levels and vault maps discovered:
D:1:      matt_arrival_los_fun, layout_basic, grunt_decor_fettered
D:2:      minmay_skewed_foursquare, layout_basic, bh_walls_and_bars,
          uniq_crazy_yiuf_cottage, uniq_terence, uniq_natasha
D:3:      layout_rooms, serial_glass, glass_columns_b, glass_columns_a

Skill      XL: |  1  2  3  4  5 |
---------------+----------------+-----
Fighting       | 4 |  4.2
Axes           | 3 4 |  4.1
Armour         | 4 |  4.0
Dodging        | |  0.9
Stealth        | |  0.6
Shields        | |  4.5

Action                     |  1- 3 |  4- 6 || total
---------------------------+-------+-------++-------
  Melee: War axe           |    85 |    48 ||   133
    Use: Scroll            |     3 |     3 ||     6
 Armour: Scale mail        |    48 |    23 ||    71
  Dodge: Dodged            |    55 |    24 ||    79
  Block: Buckler           |    22 |    10 ||    32
